Rangers vs Penguins

Created - November 23 2010 at 18:02

Goals
1 2 3 T
Rangers 2 1 1 4
Penguins 1 0 1 2
Shots
1 2 3 T
Rangers 6 4 8 18
Penguins 13 6 8 27

Period #1

1. Penguins , Mark Eaton 2 (Ian Laperriere, Joel Ward) at 2:19
2. Rangers , Scott Gomez 9 (Patrick OSullivan, Dan Cleary) at 2:45
3. Rangers , Dan Cleary 2 (Jeff Finger, Scott Gomez) at 9:11

Penalties :
Evander Kane (NYR) for Tripping (Minor) at 11:32, Dan Cleary (NYR) for Hooking (Minor) at 18:47, Pavel Datsyuk (PIT) for Hooking (Minor) at 19:26, Lubomir Visnovsky (NYR) for Interference (Minor) at 19:26

Period #2

4. Rangers , Scott Gomez 10 (Andrei Kostitsyn, Dustin Penner) at 5:36 (PP)

Penalties :
John-Michael Liles (PIT) for Hooking (Minor) at 2:02, Antti Miettinen (PIT) for Tripping (Minor) at 4:24, Andy Sutton (NYR) for Holding (Minor) at 6:13, Nicklas Lidstrom (PIT) for Hooking (Minor) at 13:54

Period #3

5. Penguins , Claude Giroux 5 (John-Michael Liles, Alex Goligoski) at 2:27
6. Rangers , Tom Pyatt 1 (Trevor Daley, Scott Gomez) at 10:55

Penalties :
Evgeni Malkin (PIT) for Goalie Interference (Minor) at 0:16, Trevor Daley (NYR) for Interference (Minor) at 8:39, Claude Giroux (PIT) for Hooking (Minor) at 11:29, Pavel Datsyuk (PIT) for Tripping (Minor) at 15:02, Trevor Daley (NYR) for Slashing (Minor) at 17:22

Goalie Stats

Brian Boucher (NYR), 25 saves from 27 shots - (0.926), W, 2-1-0, 60:00 minutes
Marc-Andre Fleury (PIT), 10 saves from 14 shots - (0.714), L, 9-6-3, 50:55 minutes
Tim Thomas (PIT), 4 saves from 4 shots - (1.000), 9:05 minutes

Players Stats

Rangers
Player Name              G  A  P  +/- PIM S  H  SB FO    MP 
------------------------------------------------------------
Andrei Kostitsyn         0  1  1   0  0   1  0  0  0/0   17 
Andy Sutton              0  0  0   0  2   0  3  1  0/0   15 
Bill Guerin              0  0  0   0  0   0  2  0  0/1   9  
Blair Betts              0  0  0   0  0   1  0  1  5/20  18 
Dan Cleary               1  1  2   2  2   4  6  1  1/1   16 
Dustin Penner            0  1  1  -1  0   0  1  0  1/2   16 
Evander Kane             0  0  0   0  2   1  1  0  0/0   7  
Jeff Finger              0  1  1   1  0   0  1  1  0/0   20 
Keith Ballard            0  0  0  -2  0   1  4  1  0/0   23 
Lubomir Visnovsky        0  0  0  -1  2   1  0  6  0/0   19 
Mark Recchi              0  0  0   0  0   0  1  0  1/1   14 
Mike Weaver              0  0  0   1  0   0  1  0  0/0   18 
Mikko Koivu              0  0  0  -1  0   1  0  0  15/28 21 
Patrick OSullivan        0  1  1   2  0   0  0  0  0/0   12 
Scott Gomez              2  2  4   3  0   3  1  0  8/13  17 
Teemu Selanne            0  0  0  -1  0   2  1  0  0/1   17 
Tom Pyatt                1  0  1   0  0   1  0  0  2/8   7  
Trevor Daley             0  1  1   2  4   2  3  0  0/0   22 
Penguins
Player Name              G  A  P  +/- PIM S  H  SB FO    MP 
------------------------------------------------------------
Alex Goligoski           0  1  1   0  0   1  2  1  0/0   17 
Antti Miettinen          0  0  0   0  2   2  0  0  1/1   16 
Brad Richards            0  0  0   0  0   0  0  0  12/24 19 
Brandon Dubinsky         0  0  0  -1  0   4  0  0  14/22 17 
Brooks Orpik             0  0  0  -1  0   0  0  1  0/0   19 
Claude Giroux            1  0  1   0  2   2  2  0  1/1   16 
Evgeni Malkin            0  0  0   0  2   4  2  0  0/2   17 
Ian Laperriere           0  1  1   0  0   0  1  0  0/0   6  
Jason Pominville         0  0  0  -1  0   5  0  0  0/0   13 
Joel Ward                0  1  1   0  0   0  0  0  0/0   6  
John Tavares             0  0  0   0  0   1  0  0  8/13  16 
John-Michael Liles       0  1  1   0  2   1  2  0  0/0   16 
Mark Eaton               1  0  1   0  0   1  0  0  0/0   6  
Nicklas Lidstrom         0  0  0   0  2   1  1  1  0/0   24 
Pavel Datsyuk            0  0  0   0  4   1  1  0  4/9   21 
Pavel Kubina             0  0  0   0  0   0  1  3  0/0   18 
Ryan Smyth               0  0  0  -1  0   2  0  0  2/3   19 
Sami Salo                0  0  0  -1  0   2  0  3  0/0   19 

3 Stars

1 - Scott Gomez (NYR)
2 - Dan Cleary (NYR)
3 - Patrick OSullivan (NYR)

Power Play

Rangers - 1 on 6 Attempt(s) - 16.67%
Penguins - 0 on 5 Attempt(s) - 0.00%

Penalty Kill

Rangers - 5 on 5 Attempt(s) - 100.00% - Score 0 goal in Penalty Kill
Penguins - 5 on 6 Attempt(s) - 83.33% - Score 0 goal in Penalty Kill

Game Notes

Tim Thomas enters game at 10:55 of 3rd period

Finance

Level 1 -- Attendance: 5362 (82.49%) -- Ticket Income $509,390.00
Level 2 -- Attendance: 4001 (80.02%) -- Ticket Income $220,055.00
Level 3 -- Attendance: 3385 (96.71%) -- Ticket Income $115,090.00
Level 4 -- Attendance: 2087 (100.00%) -- Ticket Income $31,305.00
Luxury Box -- Attendance: 834 (83.40%) -- Ticket Income $166,800.00
Game was played at the Consol Energy Center
Total Attendance: 15669 (86.63%)
Total Ticket Income: $1,121,616.00
Other Income: $207,642.90
Total Income: $1,329,259.00


Play by Play

Period #1

0:01 of 1st period - Mikko Koivu wins face-off versus Brad Richards in neutral zone.
0:08 of 1st period - Shot by Teemu Selanne.
0:08 of 1st period - Shot Misses the Net.
0:10 of 1st period - Shot by Mikko Koivu.
0:10 of 1st period - Shot Misses the Net.
0:14 of 1st period - Shot by Dustin Penner.
0:14 of 1st period - Deflect By Teemu Selanne.
0:14 of 1st period - Shot Blocked by Pavel Kubina.
0:16 of 1st period - Shot by Mikko Koivu.
0:16 of 1st period - Deflect By Teemu Selanne.
0:16 of 1st period - Stopped by Marc-Andre Fleury without a rebound.
0:17 of 1st period - Scott Gomez wins face-off versus Ryan Smyth in Penguins zone.
0:18 of 1st period - Shot by Trevor Daley.
0:18 of 1st period - Shot Hit the Post.
0:20 of 1st period - Shot by Mike Weaver.
0:20 of 1st period - Shot Blocked by Sami Salo.
0:22 of 1st period - Shot by Dan Cleary.
0:22 of 1st period - Shot Blocked by Sami Salo.
0:24 of 1st period - Shot by Scott Gomez.
0:24 of 1st period - Shot Blocked by Sami Salo.
0:28 of 1st period - Shot by Dan Cleary.
0:28 of 1st period - Stopped by Marc-Andre Fleury without a rebound.
0:29 of 1st period - Blair Betts wins face-off versus John Tavares in Penguins zone.
0:29 of 1st period - Jeff Finger is hit by Alex Goligoski and loses puck.
0:49 of 1st period - Andrei Kostitsyn is hit by John-Michael Liles and loses puck.
1:42 of 1st period - Shot by Teemu Selanne.
1:42 of 1st period - Stopped by Marc-Andre Fleury without a rebound.
1:43 of 1st period - Brandon Dubinsky wins face-off versus Scott Gomez in Penguins zone.
1:43 of 1st period - Brandon Dubinsky is hit by Dan Cleary.
1:57 of 1st period - Shot by Brandon Dubinsky.
1:57 of 1st period - Stopped by Brian Boucher without a rebound.
1:58 of 1st period - Mikko Koivu wins face-off versus Pavel Datsyuk in Rangers zone.
2:13 of 1st period - Shot by Ian Laperriere.
2:13 of 1st period - Shot Blocked by Lubomir Visnovsky.
2:15 of 1st period - Shot by Joel Ward.
2:15 of 1st period - Shot Blocked by Lubomir Visnovsky.
2:17 of 1st period - Shot by Ian Laperriere.
2:17 of 1st period - Shot Blocked by Lubomir Visnovsky.
2:19 of 1st period - Shot by Mark Eaton.
2:19 of 1st period - Goal by Mark Eaton - Rangers : 0 - Penguins : 1.
2:20 of 1st period - Scott Gomez wins face-off versus Brandon Dubinsky in neutral zone.
2:36 of 1st period - Jason Pominville is hit by Dan Cleary and loses puck.
2:41 of 1st period - Shot by Scott Gomez.
2:41 of 1st period - Shot Misses the Net.
2:43 of 1st period - Shot by Patrick OSullivan.
2:43 of 1st period - Shot Misses the Net.
2:45 of 1st period - Shot by Scott Gomez.
2:45 of 1st period - Goal by Scott Gomez - Rangers : 1 - Penguins : 1.
2:46 of 1st period - John Tavares wins face-off versus Mikko Koivu in neutral zone.
3:10 of 1st period - Off-side.
3:11 of 1st period - Brad Richards wins face-off versus Blair Betts in neutral zone.
3:13 of 1st period - Evgeni Malkin is hit by Andy Sutton.
3:39 of 1st period - Shot by Brad Richards.
3:39 of 1st period - Shot Blocked by Jeff Finger.
3:41 of 1st period - Shot by Evgeni Malkin.
3:41 of 1st period - Stopped by Brian Boucher without a rebound.
3:42 of 1st period - Brandon Dubinsky wins face-off versus Scott Gomez in Rangers zone.
3:46 of 1st period - Brandon Dubinsky is hit by Mike Weaver and loses puck.
4:06 of 1st period - Ryan Smyth is hit by Trevor Daley and loses puck.
4:09 of 1st period - Shot by Sami Salo.
4:09 of 1st period - Shot Misses the Net.
4:11 of 1st period - Shot by Jason Pominville.
4:11 of 1st period - Stopped by Brian Boucher without a rebound.
4:12 of 1st period - John Tavares wins face-off versus Mikko Koivu in Rangers zone.
4:35 of 1st period - Shot by Claude Giroux.
4:35 of 1st period - Shot Misses the Net.
5:56 of 1st period - Scott Gomez is hit by Pavel Kubina and loses puck.
6:06 of 1st period - Patrick OSullivan is hit by Nicklas Lidstrom.
6:12 of 1st period - Shot by Scott Gomez.
6:12 of 1st period - Shot Misses the Net.
6:35 of 1st period - Off-side.
6:36 of 1st period - Brandon Dubinsky wins face-off versus Dustin Penner in neutral zone.
7:02 of 1st period - Jason Pominville is hit by Keith Ballard and loses puck.
7:37 of 1st period - Shot by Claude Giroux.
7:37 of 1st period - Deflect By John Tavares.
7:37 of 1st period - Stopped by Brian Boucher without a rebound.
7:38 of 1st period - Tom Pyatt wins face-off versus John Tavares in Rangers zone.
7:38 of 1st period - Tom Pyatt is hit by Claude Giroux.
8:25 of 1st period - Shot by Joel Ward.
8:25 of 1st period - Shot Misses the Net.
8:55 of 1st period - Icing by Joel Ward.
8:56 of 1st period - Scott Gomez wins face-off versus Pavel Datsyuk in Penguins zone.
9:11 of 1st period - Shot by Dan Cleary.
9:11 of 1st period - Goal by Dan Cleary - Rangers : 2 - Penguins : 1.
9:12 of 1st period - Brandon Dubinsky wins face-off versus Blair Betts in neutral zone.
9:19 of 1st period - Shot by Jason Pominville.
9:19 of 1st period - Stopped by Brian Boucher without a rebound.
9:20 of 1st period - Brandon Dubinsky wins face-off versus Scott Gomez in Rangers zone.
9:20 of 1st period - Sami Salo is hit by Trevor Daley.
9:22 of 1st period - Shot by Jason Pominville.
9:22 of 1st period - Stopped by Brian Boucher without a rebound.
9:23 of 1st period - John Tavares wins face-off versus Blair Betts in Rangers zone.
9:27 of 1st period - Icing by Jeff Finger.
9:28 of 1st period - Brandon Dubinsky wins face-off versus Blair Betts in Rangers zone.
10:44 of 1st period - John-Michael Liles is hit by Dan Cleary and loses puck.
10:51 of 1st period - Antti Miettinen is hit by Dan Cleary and loses puck.
11:29 of 1st period - Off-side.
11:30 of 1st period - Pavel Datsyuk wins face-off versus Tom Pyatt in neutral zone.
11:32 of 1st period - Minor Penalty to Evander Kane for Tripping.
11:33 of 1st period - Blair Betts wins face-off versus Brad Richards in Rangers zone.
11:39 of 1st period - Icing by Pavel Datsyuk.
11:40 of 1st period - Brad Richards wins face-off versus Blair Betts in Penguins zone.
12:41 of 1st period - Shot by Jason Pominville.
12:41 of 1st period - Stopped by Brian Boucher without a rebound.
12:42 of 1st period - Mikko Koivu wins face-off versus Brandon Dubinsky in Rangers zone.
13:09 of 1st period - Icing by Sami Salo.
13:10 of 1st period - Mikko Koivu wins face-off versus Brandon Dubinsky in Penguins zone.
13:25 of 1st period - Icing by Brooks Orpik.
13:26 of 1st period - Mikko Koivu wins face-off versus Brandon Dubinsky in Penguins zone.
13:37 of 1st period - Icing by Antti Miettinen.
13:38 of 1st period - John Tavares wins face-off versus Tom Pyatt in Penguins zone.
13:44 of 1st period - Icing by Keith Ballard.
13:45 of 1st period - Brad Richards wins face-off versus Tom Pyatt in Rangers zone.
13:55 of 1st period - Off-side.
13:56 of 1st period - Claude Giroux wins face-off versus Mikko Koivu in neutral zone.
14:09 of 1st period - Shot by Antti Miettinen.
14:09 of 1st period - Stopped by Brian Boucher without a rebound.
14:10 of 1st period - Brad Richards wins face-off versus Blair Betts in Rangers zone.
14:46 of 1st period - Icing by Evgeni Malkin.
14:47 of 1st period - Mikko Koivu wins face-off versus Brad Richards in Penguins zone.
15:47 of 1st period - Shot by Trevor Daley.
15:47 of 1st period - Stopped by Marc-Andre Fleury without a rebound.
15:48 of 1st period - Brandon Dubinsky wins face-off versus Blair Betts in Penguins zone.
17:57 of 1st period - Shot by Claude Giroux.
17:57 of 1st period - Stopped by Brian Boucher without a rebound.
17:58 of 1st period - Brandon Dubinsky wins face-off versus Scott Gomez in Rangers zone.
18:07 of 1st period - Shot by Brandon Dubinsky.
18:07 of 1st period - Stopped by Brian Boucher without a rebound.
18:08 of 1st period - Tom Pyatt wins face-off versus John Tavares in Rangers zone.
18:13 of 1st period - Shot by Bill Guerin.
18:13 of 1st period - Shot Blocked by Alex Goligoski.
18:47 of 1st period - Minor Penalty to Dan Cleary for Hooking.
18:48 of 1st period - Brandon Dubinsky wins face-off versus Blair Betts in Rangers zone.
19:17 of 1st period - Shot by Brandon Dubinsky.
19:17 of 1st period - Stopped by Brian Boucher without a rebound.
19:18 of 1st period - Mikko Koivu wins face-off versus Brad Richards in Rangers zone.
19:26 of 1st period - Minor Penalty to Pavel Datsyuk for Hooking.
19:26 of 1st period - Minor Penalty to Lubomir Visnovsky for Interference.
19:27 of 1st period - Blair Betts wins face-off versus Brad Richards in Rangers zone.
19:38 of 1st period - Shot by Brad Richards.
19:38 of 1st period - Deflect By Evgeni Malkin.
19:38 of 1st period - Stopped by Brian Boucher with a rebound.

Period #2

0:01 of 2nd period - Brad Richards wins face-off versus Blair Betts in neutral zone.
1:52 of 2nd period - Shot by John Tavares.
1:52 of 2nd period - Deflect By Antti Miettinen.
1:52 of 2nd period - Shot Misses the Net.
2:02 of 2nd period - Minor Penalty to John-Michael Liles for Hooking.
2:03 of 2nd period - Brad Richards wins face-off versus Mikko Koivu in Penguins zone.
2:16 of 2nd period - Shot by Mikko Koivu.
2:16 of 2nd period - Stopped by Marc-Andre Fleury without a rebound.
2:17 of 2nd period - Scott Gomez wins face-off versus Brad Richards in Penguins zone.
2:30 of 2nd period - Shot by Lubomir Visnovsky.
2:30 of 2nd period - Stopped by Marc-Andre Fleury with a rebound.
2:34 of 2nd period - Shot by Andrei Kostitsyn.
2:34 of 2nd period - Shot Misses the Net.
2:38 of 2nd period - Shot by Scott Gomez.
2:38 of 2nd period - Stopped by Marc-Andre Fleury without a rebound.
2:39 of 2nd period - Pavel Datsyuk wins face-off versus Mikko Koivu in Penguins zone.
4:03 of 2nd period - Icing by Nicklas Lidstrom.
4:04 of 2nd period - John Tavares wins face-off versus Blair Betts in Penguins zone.
4:15 of 2nd period - Alex Goligoski is hit by Mark Recchi.
4:24 of 2nd period - Minor Penalty to Antti Miettinen for Tripping.
4:25 of 2nd period - Brad Richards wins face-off versus Mikko Koivu in Penguins zone.
5:08 of 2nd period - Icing by Mikko Koivu.
5:09 of 2nd period - Mikko Koivu wins face-off versus Pavel Datsyuk in Rangers zone.
5:36 of 2nd period - Shot by Andrei Kostitsyn.
5:36 of 2nd period - Deflect By Scott Gomez.
5:36 of 2nd period - Goal by Scott Gomez - Rangers : 3 - Penguins : 1.
5:37 of 2nd period - Antti Miettinen wins face-off versus Tom Pyatt in neutral zone.
5:37 of 2nd period - Alex Goligoski is hit by Bill Guerin and loses puck.
5:52 of 2nd period - Shot by John Tavares.
5:52 of 2nd period - Shot Misses the Net.
5:56 of 2nd period - Shot by John Tavares.
5:56 of 2nd period - Shot Blocked by Keith Ballard.
5:59 of 2nd period - Claude Giroux is hit by Keith Ballard and loses puck.
6:10 of 2nd period - Shot by Antti Miettinen.
6:10 of 2nd period - Stopped by Brian Boucher without a rebound.
6:11 of 2nd period - Pavel Datsyuk wins face-off versus Blair Betts in Rangers zone.
6:11 of 2nd period - Nicklas Lidstrom is hit by Andy Sutton and loses puck.
6:13 of 2nd period - Minor Penalty to Andy Sutton for Holding.
6:14 of 2nd period - Blair Betts wins face-off versus Brandon Dubinsky in Rangers zone.
7:32 of 2nd period - Shot by Brad Richards.
7:32 of 2nd period - Shot Misses the Net.
7:36 of 2nd period - Shot by Nicklas Lidstrom.
7:36 of 2nd period - Stopped by Brian Boucher without a rebound.
7:37 of 2nd period - Brandon Dubinsky wins face-off versus Blair Betts in Rangers zone.
7:38 of 2nd period - Shot by Jason Pominville.
7:38 of 2nd period - Shot Misses the Net.
7:40 of 2nd period - Shot by Brooks Orpik.
7:40 of 2nd period - Shot Blocked by Lubomir Visnovsky.
7:42 of 2nd period - Shot by Ryan Smyth.
7:42 of 2nd period - Deflect By Brandon Dubinsky.
7:42 of 2nd period - Shot Hit the Post.
7:46 of 2nd period - Shot by Brandon Dubinsky.
7:46 of 2nd period - Stopped by Brian Boucher without a rebound.
7:47 of 2nd period - Brad Richards wins face-off versus Blair Betts in Rangers zone.
8:08 of 2nd period - Shot by Nicklas Lidstrom.
8:08 of 2nd period - Shot Misses the Net.
8:10 of 2nd period - Shot by Pavel Kubina.
8:10 of 2nd period - Shot Misses the Net.
8:20 of 2nd period - Shot by Blair Betts.
8:20 of 2nd period - Deflect By Andrei Kostitsyn.
8:20 of 2nd period - Shot Misses the Net.
8:47 of 2nd period - Claude Giroux is hit by Jeff Finger and loses puck.
9:42 of 2nd period - Brandon Dubinsky is hit by Bill Guerin and loses puck.
10:04 of 2nd period - Jason Pominville is hit by Evander Kane and loses puck.
10:58 of 2nd period - Shot by Lubomir Visnovsky.
10:58 of 2nd period - Shot Misses the Net.
11:04 of 2nd period - Dustin Penner is hit by Ian Laperriere and loses puck.
11:22 of 2nd period - Lubomir Visnovsky is hit by Claude Giroux and loses puck.
11:52 of 2nd period - Andrei Kostitsyn is hit by Alex Goligoski and loses puck.
12:23 of 2nd period - Shot by Pavel Datsyuk.
12:23 of 2nd period - Stopped by Brian Boucher with a rebound.
12:25 of 2nd period - Shot by Brad Richards.
12:25 of 2nd period - Shot Misses the Net.
12:29 of 2nd period - Shot by Pavel Datsyuk.
12:29 of 2nd period - Shot Blocked by Blair Betts.
13:10 of 2nd period - Shot by Jason Pominville.
13:10 of 2nd period - Stopped by Brian Boucher without a rebound.
13:11 of 2nd period - Brandon Dubinsky wins face-off versus Bill Guerin in Rangers zone.
13:54 of 2nd period - Minor Penalty to Nicklas Lidstrom for Hooking.
13:55 of 2nd period - Scott Gomez wins face-off versus Brad Richards in Penguins zone.
13:56 of 2nd period - Shot by Lubomir Visnovsky.
13:56 of 2nd period - Shot Misses the Net.
15:43 of 2nd period - Off-side.
15:44 of 2nd period - Mikko Koivu wins face-off versus Pavel Datsyuk in neutral zone.
17:24 of 2nd period - Icing by Andy Sutton.
17:25 of 2nd period - Brad Richards wins face-off versus Blair Betts in Rangers zone.
17:56 of 2nd period - Shot by Dustin Penner.
17:56 of 2nd period - Shot Misses the Net.
17:58 of 2nd period - Shot by Dustin Penner.
17:58 of 2nd period - Shot Blocked by Pavel Kubina.
18:00 of 2nd period - Shot by Keith Ballard.
18:00 of 2nd period - Shot Misses the Net.
18:38 of 2nd period - Shot by Trevor Daley.
18:38 of 2nd period - Shot Blocked by Brooks Orpik.
18:56 of 2nd period - Shot by Ryan Smyth.
18:56 of 2nd period - Stopped by Brian Boucher without a rebound.
18:57 of 2nd period - John Tavares wins face-off versus Tom Pyatt in Rangers zone.

Period #3

0:01 of 3rd period - Mikko Koivu wins face-off versus Brad Richards in neutral zone.
0:16 of 3rd period - Minor Penalty to Evgeni Malkin for Goalie Interference.
0:17 of 3rd period - Brad Richards wins face-off versus Teemu Selanne in Penguins zone.
0:26 of 3rd period - Ryan Smyth is hit by Dan Cleary and loses puck.
0:34 of 3rd period - Icing by Jeff Finger.
0:35 of 3rd period - Mikko Koivu wins face-off versus Pavel Datsyuk in Rangers zone.
0:35 of 3rd period - Mikko Koivu is hit by Pavel Datsyuk.
2:23 of 3rd period - Shot by Alex Goligoski.
2:23 of 3rd period - Stopped by Brian Boucher with a rebound.
2:27 of 3rd period - Shot by Claude Giroux.
2:27 of 3rd period - Goal by Claude Giroux - Rangers : 3 - Penguins : 2.
2:28 of 3rd period - Mark Recchi wins face-off versus John Tavares in neutral zone.
2:33 of 3rd period - Shot by Andrei Kostitsyn.
2:33 of 3rd period - Stopped by Marc-Andre Fleury with a rebound.
2:46 of 3rd period - Claude Giroux is hit by Andy Sutton and loses puck.
3:46 of 3rd period - Shot by Evander Kane.
3:46 of 3rd period - Stopped by Marc-Andre Fleury without a rebound.
3:47 of 3rd period - Brandon Dubinsky wins face-off versus Mikko Koivu in Penguins zone.
3:47 of 3rd period - Sami Salo is hit by Teemu Selanne and loses puck.
4:20 of 3rd period - Shot by Ryan Smyth.
4:20 of 3rd period - Shot Blocked by Lubomir Visnovsky.
4:24 of 3rd period - Shot by Ryan Smyth.
4:24 of 3rd period - Shot Blocked by Lubomir Visnovsky.
4:26 of 3rd period - Shot by Brandon Dubinsky.
4:26 of 3rd period - Shot Misses the Net.
4:28 of 3rd period - Shot by Brooks Orpik.
4:28 of 3rd period - Shot Misses the Net.
5:29 of 3rd period - Shot by Blair Betts.
5:29 of 3rd period - Stopped by Marc-Andre Fleury without a rebound.
5:30 of 3rd period - John Tavares wins face-off versus Blair Betts in Penguins zone.
6:01 of 3rd period - Shot by Alex Goligoski.
6:01 of 3rd period - Shot Blocked by Andy Sutton.
7:18 of 3rd period - Shot by Pavel Datsyuk.
7:18 of 3rd period - Shot Misses the Net.
7:32 of 3rd period - Shot by Pavel Datsyuk.
7:32 of 3rd period - Shot Misses the Net.
7:49 of 3rd period - Off-side.
7:50 of 3rd period - Scott Gomez wins face-off versus John Tavares in neutral zone.
8:03 of 3rd period - Shot by John-Michael Liles.
8:03 of 3rd period - Stopped by Brian Boucher with a rebound.
8:37 of 3rd period - Ryan Smyth is hit by Trevor Daley and loses puck.
8:39 of 3rd period - Minor Penalty to Trevor Daley for Interference.
8:40 of 3rd period - Pavel Datsyuk wins face-off versus Mikko Koivu in Rangers zone.
9:07 of 3rd period - Shot by Evgeni Malkin.
9:07 of 3rd period - Stopped by Brian Boucher without a rebound.
9:08 of 3rd period - Ryan Smyth wins face-off versus Mikko Koivu in Rangers zone.
9:09 of 3rd period - Shot by Sami Salo.
9:09 of 3rd period - Stopped by Brian Boucher without a rebound.
9:10 of 3rd period - Ryan Smyth wins face-off versus Mikko Koivu in Rangers zone.
9:32 of 3rd period - Icing by Brooks Orpik.
9:33 of 3rd period - Brandon Dubinsky wins face-off versus Mikko Koivu in Penguins zone.
10:19 of 3rd period - Shot by Evgeni Malkin.
10:19 of 3rd period - Shot Blocked by Dan Cleary.
10:41 of 3rd period - Shot by Evgeni Malkin.
10:41 of 3rd period - Shot Misses the Net.
10:49 of 3rd period - Shot by Bill Guerin.
10:49 of 3rd period - Shot Misses the Net.
10:51 of 3rd period - Shot by Scott Gomez.
10:51 of 3rd period - Shot Misses the Net.
10:53 of 3rd period - Shot by Trevor Daley.
10:53 of 3rd period - Shot Misses the Net.
10:55 of 3rd period - Shot by Tom Pyatt.
10:55 of 3rd period - Goal by Tom Pyatt - Rangers : 4 - Penguins : 2.
10:55 of 3rd period - Tim Thomas enters game.
10:56 of 3rd period - John Tavares wins face-off versus Tom Pyatt in neutral zone.
11:03 of 3rd period - Evander Kane is hit by John-Michael Liles and loses puck.
11:11 of 3rd period - Alex Goligoski is hit by Keith Ballard and loses puck.
11:22 of 3rd period - Claude Giroux is hit by Keith Ballard and loses puck.
11:29 of 3rd period - Minor Penalty to Claude Giroux for Hooking.
11:30 of 3rd period - Brad Richards wins face-off versus Mikko Koivu in Penguins zone.
11:36 of 3rd period - Icing by Trevor Daley.
11:37 of 3rd period - Dan Cleary wins face-off versus Brad Richards in Rangers zone.
11:42 of 3rd period - Shot by Trevor Daley.
11:42 of 3rd period - Stopped by Tim Thomas without a rebound.
11:43 of 3rd period - Scott Gomez wins face-off versus Evgeni Malkin in Penguins zone.
12:26 of 3rd period - Pavel Kubina is hit by Dustin Penner and loses puck.
13:27 of 3rd period - Brooks Orpik is hit by Scott Gomez and loses puck.
14:40 of 3rd period - Off-side.
14:41 of 3rd period - Brandon Dubinsky wins face-off versus Scott Gomez in neutral zone.
15:00 of 3rd period - Shot by Ryan Smyth.
15:00 of 3rd period - Stopped by Brian Boucher without a rebound.
15:01 of 3rd period - Mikko Koivu wins face-off versus Brad Richards in Rangers zone.
15:01 of 3rd period - Mikko Koivu is hit by Evgeni Malkin.
15:02 of 3rd period - Minor Penalty to Pavel Datsyuk for Tripping.
15:03 of 3rd period - Mikko Koivu wins face-off versus Brad Richards in Penguins zone.
15:14 of 3rd period - Brooks Orpik is hit by Dan Cleary and loses puck.
16:02 of 3rd period - Shot by Keith Ballard.
16:02 of 3rd period - Stopped by Tim Thomas without a rebound.
16:03 of 3rd period - Scott Gomez wins face-off versus Evgeni Malkin in Penguins zone.
16:12 of 3rd period - Shot by Scott Gomez.
16:12 of 3rd period - Shot Misses the Net.
16:22 of 3rd period - Shot by Evgeni Malkin.
16:22 of 3rd period - Stopped by Brian Boucher without a rebound.
16:23 of 3rd period - Mikko Koivu wins face-off versus Brandon Dubinsky in Rangers zone.
16:29 of 3rd period - Off-side.
16:30 of 3rd period - Mikko Koivu wins face-off versus Brandon Dubinsky in neutral zone.
16:49 of 3rd period - Shot by Dan Cleary.
16:49 of 3rd period - Stopped by Tim Thomas with a rebound.
16:51 of 3rd period - Shot by Dan Cleary.
16:51 of 3rd period - Shot Blocked by Pavel Kubina.
16:53 of 3rd period - Shot by Jeff Finger.
16:53 of 3rd period - Shot Blocked by Nicklas Lidstrom.
16:55 of 3rd period - Shot by Dan Cleary.
16:55 of 3rd period - Stopped by Tim Thomas without a rebound.
16:56 of 3rd period - Dustin Penner wins face-off versus Brad Richards in Penguins zone.
17:22 of 3rd period - Minor Penalty to Trevor Daley for Slashing.
17:23 of 3rd period - Brad Richards wins face-off versus Mikko Koivu in Rangers zone.
18:17 of 3rd period - Mike Weaver is hit by Evgeni Malkin and loses puck.
18:46 of 3rd period - Shot by Brandon Dubinsky.
18:46 of 3rd period - Shot Misses the Net.
18:48 of 3rd period - Shot by Sami Salo.
18:48 of 3rd period - Stopped by Brian Boucher without a rebound.
18:49 of 3rd period - Blair Betts wins face-off versus Brandon Dubinsky in Rangers zone.


Output by the SimonT Hockey Simulator (STHS) for Stephane Roy -- Original Page W3C XHTML 1.0 Valid